 Dungeon Crawl Stone Soup version 0.27-a0-1065-ge809cff456 (webtiles) character file.

Game seed: 3136726373752244729

58 gimp the Skirmisher (level 4, -1/38 HPs)
             Began as a Djinni Wanderer on Apr 23, 2021.
             Slain by Sigmund
             ... wielding a +0 scythe
              (8 damage)
             ... on level 2 of the Dungeon.
             The game lasted 00:03:01 (1916 turns).

gimp the Skirmisher (Djinni Wanderer)               Turns: 1916, Time: 00:03:01

Health: -1/38      AC:  9    Str: 12    XL:     4   Next: 2%
Gold:   59         EV:  5    Int: 14    God:
                   SH:  0    Dex: 12

rFire    + + .     SeeInvis .   a - +2 hand axe
rCold    x . .     Faith    .   (no shield)
rNeg     . . .     Spirit   .   m - +0 chain mail
rPois    ∞         Reflect  .   (no helmet)
rElec    .         Harm     .   (no cloak)
rCorr    .         Rampage  .   (no gloves)
Will     .....                  (boots unavailable)
Stlth    ..........             n - amulet of the acrobat
HPRegen  0.12/turn              k - ring of wizardry
MPRegen  0.00/turn              (no ring)

@: confused, flying
A: fire resistance 2, cold vulnerability 1, float, innate caster, hp casting,
extra vitality 1
a: no special abilities


You were on level 2 of the Dungeon.
You visited 1 branch of the dungeon, and saw 2 of its levels.

You collected 59 gold pieces.

Inventory:

Hand Weapons
 a - a +2 hand axe (weapon)
 b - a +0 shortbow
Missiles
 c - 24 arrows
 o - 9 poisoned darts (quivered)
Armour
 e - a +0 robe
 j - a +0 ring mail
 m - a +0 chain mail (worn)
Jewellery
 k - a ring of wizardry (left hand)
 n - an amulet of the acrobat (around neck)
Scrolls
 f - a scroll of identify {unknown}
 i - 3 scrolls of teleportation
 l - a scroll of fog {unknown}
Potions
 g - a potion of haste


   Skills:
 + Level 4.8 Fighting
 - Level 1.5 Axes
 - Level 3.0 Armour
 - Level 1.0 Stealth
 - Level 1.0 Shields


You had 2 spell levels left.
You knew the following spells:

 Your Spells              Type           Power      Damage    Failure   Level
a - Freeze                Ice            0%         1d3       98%         1
Your spell library was empty.

Dungeon Overview and Level Annotations

Branches:
Dungeon (2/15)

Altars:

Annotations:
D:2 Sigmund


Innate Abilities, Weirdness & Mutations

You are immune to poison.
Your flesh is very heat resistant. (rF++)
You are vulnerable to cold. (rC-)
You float through the air rather than walking.
You learn spells naturally, not from books.
Your magical power is your life essence.
You have superior vitality. (+4 HP)


Message History

You hit Sigmund.
Sigmund is moderately wounded.
Sigmund hits you with a +0 scythe.
You take 3 damage, and have 28/38 hp.
You closely miss Sigmund.
Sigmund is moderately wounded.
Sigmund barely misses you.
You closely miss Sigmund.
Sigmund is moderately wounded.
Sigmund hits you with a +0 scythe.
You take 1 damage, and have 27/38 hp.
You slash Sigmund!
Sigmund is heavily wounded.
Sigmund hits you with a +0 scythe.
You take 6 damage, and have 21/38 hp.
You hit Sigmund but do no damage.
Sigmund is heavily wounded.
Sigmund hits you with a +0 scythe. x2
You take 4 damage, and have 17/38 hp.
You slash Sigmund!
Sigmund is almost dead.
Sigmund casts a spell at you. The puff of flame hits you. You resist.
You take 2 damage, and have 15/38 hp.
You hit Sigmund but do no damage.
Sigmund is almost dead.
Sigmund points at you and mumbles some strange words.
You are confused.
Unknown command.
It was a potion of flight.
You feel more buoyant. Sigmund hits you with a +0 scythe.
You take 1 damage, and have 14/38 hp.
It was a potion of magic.
Magic courses through your body. Sigmund hits you with a +0 scythe!
* * * LOW HITPOINT WARNING * * *
You take 7 damage, and have 7/38 hp.
Okay, then.
You bump into the rock wall.
Sigmund hits you with a +0 scythe!
You die...

##### ####### ##...# ......#
#....# ### ......# ###....###.#
[.....#####.....@@>#.#
..)<..^.........##.!.#
..†...#..........##..# ###
.................##..# ##....
...[..#..............###...#
....#....................#
.......................### #
.#.......................#####.#.
...#..#..............#...........


You could see Sigmund.

Vanquished Creatures
  2 adders (D:2)
  A worm (D:2)
  A ball python (D:2)
  5 endoplasms
  A giant cockroach (D:1)
  4 goblins
  6 hobgoblins
  2 quokkas (D:1)
  A bat (D:1)
  2 frilled lizards
  5 kobolds
  4 rats
34 creatures vanquished.

Notes
Turn   | Place    | Note
-------+----------+-------------------------------------------
     0 | D:1      | gimp the Djinni Wanderer began the quest for the Orb.
     0 | D:1      | Reached XP level 1. HP: 20/20 MP: 0/0
   185 | D:1      | Reached XP level 2. HP: 21/25 MP: 0/0
   725 | D:1      | Reached skill level 4 in Fighting
  1004 | D:2      | Noticed a sky beast
  1010 | D:2      | Reached XP level 3. HP: 10/31 MP: 0/0
  1010 | D:2      | Learned a level 1 spell: Freeze
  1718 | D:2      | Noticed Sigmund
  1904 | D:2      | Reached XP level 4. HP: 30/38 MP: 0/0
  1916 | D:2      | Slain by Sigmund

Illustrated notes

Levels and vault maps discovered:
D:1:      dpeg_arrival_long_road, layout_rooms, minmay_misc_feat_x,
          kennysheep_nondescript, columned_hall_lemuel, minmay_pentomino_x4
D:2:      layout_rooms, serial_park_tiny_2, uniq_sigmund

Skill      XL: |  1  2 |
---------------+-------+-----
Fighting       | 4 |  4.8
Axes           | |  1.5
Armour         | |  3.0
Stealth        | |  1.0
Shields        | |  1.0

Action                   |  1- 3 |  4- 6 || total
-------------------------+-------+-------++-------
Melee: Hand axe          |    98 |     9 ||   107
  Use: Scroll            |     1 |       ||     1
       Potion            |     2 |     2 ||     4
 Stab: Sleeping          |     1 |       ||     1
Armor: Ring mail         |     4 |       ||     4
       Chain mail        |    48 |     2 ||    50
Dodge: Dodged            |    36 |     2 ||    38

Table legend: (Time is in decaauts)
 A = Elapsed time spent in this place.
 B = Non-inter-level travel time spent in this place.
 C = Inter-level travel time spent in this place.
 D = Time resting spent in this place.
 E = Time spent auto-exploring this place.
 F = Levels seen in this place.
 G = Mean time per level.
                   A        B        C        D        E       F      G
               +--------+--------+--------+--------+--------+-----+--------+
         Total |   1922 |   1869 |     53 |    171 |   1339 |   2 |  961.0 |
       Dungeon |   1922 |   1869 |     53 |    171 |   1339 |   2 |  961.0 |
               +--------+--------+--------+--------+--------+-----+--------+

Top non-repeatable levels by time:
     D:1: 1121 daAuts
     D:2: 800 daAuts
